 Dungeon Crawl Stone Soup version 0.26.0-45-g9c1d065592 (webtiles) character file.

Game seed: 17341679548053855380

33 swilekon the Chopper (level 3, -2/33 HPs)
             Began as a Hill Orc Monk on Jan 30, 2021.
             Slain by an ogre
             ... wielding a +0 giant club
              (10 damage)
             ... on level 4 of the Dungeon.
             The game lasted 00:02:19 (1205 turns).

swilekon the Chopper (Hill Orc Monk)                Turns: 1205, Time: 00:02:20

Health: -2/33      AC:  8    Str: 19    XL:     3   Next: 29%
Magic:  3/3        EV: 13    Int: 10    God:
Gold:   41         SH:  0    Dex: 13    Spells: 2/2 levels left

rFire    . . .     SeeInvis .   a - +0 hand axe
rCold    . . .     Faith    .   (no shield)
rNeg     . . .     Spirit   .   b - +0 robe
rPois    .         Reflect  .   (no helmet)
rElec    .         Harm     +   (no cloak)
rCorr    .         Rampage  .   (no gloves)
Will     .....                  r - +5 pair of boots "Ydopt" {Harm Str+5}
Stlth    ++........             (no amulet)
HPRegen  0.11/turn              (no ring)
MPRegen  0.08/turn              (no ring)

@: no status effects
A: no striking features
a: no special abilities


You were on level 4 of the Dungeon.
You visited 1 branch of the dungeon, and saw 3 of its levels.

You collected 41 gold pieces.

Inventory:

Hand Weapons
 a - a +0 hand axe (weapon)
Armour
 b - a +0 robe (worn)
 r - the +5 pair of boots "Ydopt" (worn) {Harm Str+5}
   (You found it on level 4 of the Dungeon)

   It affects your strength (+5).
   It increases damage dealt and taken.
Scrolls
 d - a scroll of magic mapping {unknown}
 f - a scroll of immolation {unknown}
 k - a scroll of enchant weapon {unknown}
 l - a scroll of blinking {unknown}
 o - a scroll of remove curse {unknown}
 p - a scroll of teleportation {unknown}
Potions
 c - 2 potions of might {unknown}
 e - a potion of mutation {unknown}
 g - a potion of brilliance {unknown}
 h - 3 potions of lignification {unknown}
 i - a potion of degeneration {unknown}
 j - a potion of attraction {unknown}
 m - a potion of curing {unknown}
 n - a potion of magic {unknown}
 q - 2 potions of flight {unknown}


   Skills:
 + Level 4.0 Fighting
 * Level 5.0 Axes
 + Level 2.7 Dodging
 - Level 1.5 Stealth


You had 2 spell levels left.
You didn't know any spells.
Your spell library was empty.

Dungeon Overview and Level Annotations

Branches:
Dungeon (2/15)

Altars:
Makhleb
Nemelex Xobeh
Uskayaw


Message History

The ogre is moderately wounded.
The ogre barely misses you.
You hit the ogre but do no damage.
The ogre is moderately wounded.
The ogre hits you with a +0 giant club!
Ouch! That really hurt!
You are too injured to fight recklessly!
You hit the ogre.
The ogre is moderately wounded.
The ogre misses you.
You barely miss the ogre.
The ogre is moderately wounded.
The ogre hits you with a +0 giant club.
* * * LOW HITPOINT WARNING * * *
You hit the ogre.
The ogre is heavily wounded.
You closely miss the ogre.
The ogre is heavily wounded.
The ogre hits you with a +0 giant club!
You die...

♣♣
♣♣♣≈≈≈#.....#.........#
###########.........#
#.. ##.....####
##.!####.....###
................
................
.........(.......
...##..?...####+# ..
#@.....# ......O......#
.............#
.............+
#########....# #...)#
......# .....#


You could see an ogre.

Vanquished Creatures
  An adder (D:4)
  3 bats
  A giant cockroach (D:2)
  9 hobgoblins
  A ball python (D:1)
  2 frilled lizards (D:1)
  4 kobolds (D:1)
  2 rats
23 creatures vanquished.

Notes
Turn   | Place    | Note
-------+----------+-------------------------------------------
     0 | D:1      | swilekon the Hill Orc Monk began the quest for the Orb.
     0 | D:1      | Reached XP level 1. HP: 19/19 MP: 1/1
   183 | D:1      | Reached XP level 2. HP: 18/27 MP: 2/2
   284 | D:1      | You fall into a shaft and drop 1 floor!
  1021 | D:2      | Reached XP level 3. HP: 33/33 MP: 3/3
  1049 | D:2      | Found a burning altar of Makhleb.
  1052 | D:2      | Found a hide-covered altar of Uskayaw.
  1055 | D:2      | Found a sparkling altar of Nemelex Xobeh.
  1114 | D:2      | You fall into a shaft and drop 2 floors!
  1148 | D:4      | Got a pair of transparent boots
  1153 | D:4      | Identified the +5 pair of boots "Ydopt" {Harm Str+5} (You
                  | found it on level 4 of the Dungeon)
  1161 | D:4      | Reached skill level 5 in Axes
  1197 | D:4      | Noticed an ogre
  1205 | D:4      | Slain by an ogre

Illustrated notes

Levels and vault maps discovered:
D:1:      scummos_arrival_simple_crosswalls, layout_rooms
D:2:      layout_basic, grunt_temple_overflow_diamond
D:4:      layout_gridville, minmay_temple_entry_butterflies,
          nicolae_zen_rock_garden

Skill      XL: |  1  2  3 |
---------------+----------+-----
Fighting       | 4 |  4.0
Axes           | 5 |  5.0
Dodging        | |  2.7
Stealth        | |  1.5

Action                   || total
-------------------------++-------
Melee: Hand axe          ||    79
 Stab: Distracted        ||     1
       Sleeping          ||     1
Armor: Robe              ||    13
Dodge: Dodged            ||    57
